 Dungeon Crawl Stone Soup version 0.26.1-2-gb8aa6d0cf2 (webtiles) character file.

Game seed: 14995629796911116207

46 Gabide the Shield-Bearer (level 3, 0/29 HPs)
             Began as a Human Fighter on Mar 1, 2021.
             Succumbed to an adder's poison
             ... on level 2 of the Dungeon.
             The game lasted 00:02:31 (1144 turns).

Gabide the Shield-Bearer (Human Fighter)            Turns: 1144, Time: 00:02:31

Health: 0/29       AC:  6    Str: 17    XL:     3   Next: 95%
Magic:  12/12      EV:  7    Int:  8    God:
Gold:   88         SH:  9    Dex: 12    Spells: 2/2 levels left

rFire    . . .     SeeInvis .   a - +0 flail
rCold    . . .     Faith    .   c - +0 kite shield
rNeg     . . .     Spirit   .   b - +0 scale mail
rPois    .         Reflect  .   (no helmet)
rElec    .         Harm     .   (no cloak)
rCorr    .         Rampage  .   (no gloves)
Will     .....                  (no boots)
Stlth    ..........             (no amulet)
HPRegen  0.09/turn              f - ring of magical power
MPRegen  0.13/turn              (no ring)

@: mighty, brilliant, lethally poisoned (0 -> -7), attractive
A: no striking features
a: no special abilities


You were on level 2 of the Dungeon.
You visited 1 branch of the dungeon, and saw 2 of its levels.

You collected 88 gold pieces.

Inventory:

Hand Weapons
 a - a +0 flail (weapon)
Armour
 b - a +0 scale mail (worn)
 c - a +0 kite shield (worn)
Jewellery
 f - a ring of magical power (left hand)
Scrolls
 g - a scroll of remove curse


   Skills:
 + Level 3.1 Fighting
 * Level 2.9 Maces & Flails
 + Level 3.3 Armour
 + Level 0.4 Dodging
 + Level 3.4 Shields


You had 2 spell levels left.
You didn't know any spells.
Your spell library was empty.

Dungeon Overview and Level Annotations

Branches:
Dungeon (2/15)

Altars:


Message History

You hear an angry hiss.
The adder bites you but does no damage. The adder misses you.
You hear a shout!
You sock the adder!
You kill the adder!
* * * LOW HITPOINT WARNING * * *
You feel sick.
You hear a shout! x2
You hit the quokka.
You kill the quokka!
* * * LOW HITPOINT WARNING * * *
You feel sick.
There is a lethal amount of poison in your body!
There is a lethal amount of poison in your body!
A frilled lizard and a gnoll come into view.
The gnoll shouts!
The frilled lizard hisses angrily.
The gnoll moves out of view.
The frilled lizard is pulled toward you!
You see here an adder corpse.
You die...

#.........?.
#.#.#.#.#..####
#..........##.#
#.#.#.#.#.# g..
###.........# #.#
....#.#.#.#.# #.#
###.........###l#
....#.#.#.#.†.†.#
.##...).....###@#
###.####..##.........
#[ #..#...##..##. #
##...#.. .# #<#...# #
#.##.## ..# . . #.


You could see a gnoll and a frilled lizard.

Vanquished Creatures
  3 adders (D:2)
  3 bats (D:1)
  A giant cockroach (D:1)
  3 hobgoblins
  4 kobolds (D:1)
  A quokka (D:2)
  A ball python (D:1)
  A frilled lizard (D:1)
  3 goblins
20 creatures vanquished.

Vanquished Creatures (others)
  A draconian (D:1)
  An octopode (D:1)
  2 elves (D:1)
  A formicid (D:1)
  A human (D:1)
  A dwarf (D:1)
  An ogre (D:1)
  A mummy (D:1)
  2 orcs (D:1)
  A kobold (D:1)
  4 tentacles (D:1)
16 creatures vanquished.

Grand Total: 36 creatures vanquished

Notes
Turn   | Place    | Note
-------+----------+-------------------------------------------
     0 | D:1      | Gabide the Human Fighter began the quest for the Orb.
     0 | D:1      | Reached XP level 1. HP: 18/18 MP: 1/1
     0 | D:1      | Noticed a draconian
     0 | D:1      | Noticed a formicid
     0 | D:1      | Noticed a dwarf
     0 | D:1      | Noticed a kraken
     0 | D:1      | Noticed an ogre
     0 | D:1      | Noticed a human
     0 | D:1      | Noticed an octopode
     0 | D:1      | Noticed an elf
     0 | D:1      | Noticed an elf
     8 | D:1      | Killed a human
    10 | D:1      | Killed an octopode
    11 | D:1      | Killed a dwarf
    11 | D:1      | Killed a formicid
    11 | D:1      | Killed a draconian
    12 | D:1      | Killed an elf
    13 | D:1      | Killed an elf
    13 | D:1      | Killed an ogre
   260 | D:1      | Reached XP level 2. HP: 24/24 MP: 2/2
   831 | D:2      | Reached XP level 3. HP: 12/29 MP: 3/3
  1142 | D:2      | HP: 1/29 [poisoned by an adder]
  1144 | D:2      | Succumbed to an adder's poison

Illustrated notes

Levels and vault maps discovered:
D:1:      nicolae_arrival_kraken_aquarium_a, layout_basic, grunt_decor_junction
D:2:      layout_loops_ring, amcnicky_mini_pool_small, st_stairs_3,
          glass_columns_c

Action                   || total
-------------------------++-------
Melee: Flail             ||    75
  Use: Scroll            ||     6
       Potion            ||     3
Armor: Scale mail        ||    54
Dodge: Dodged            ||    38
Block: Kite shield       ||    44
